 Dungeon Crawl Stone Soup version 0.31-a0-210-gccc998df9b (webtiles) character file.

Game seed: 11210785584728360804

152 pokeman the Magician (level 5, -1/29 HPs)
             Began as a Deep Elf Hedge Wizard on June 30, 2023.
             Slain by Ijyb
             ... wielding a +0 dagger
              (3 damage)
             ... on level 3 of the Dungeon.
             The game lasted 00:06:08 (3184 turns).

pokeman the Magician (Deep Elf Hedge Wizard)        Turns: 3184, Time: 00:06:08

Health: -1/29      AC:  6    Str:  7    XL:     5   Next: 11%
Magic:  5/15       EV: 13    Int: 21    God:
Gold:   37         SH:  0    Dex: 14    Spells: 8/16 levels left

rFire   . . .        a - +4 quarterstaff (chaos)
rCold   . . .        (shield currently unavailable)
rNeg    . . .        l - +1 animal skin
rPois   .            m - +1 helmet
rElec   .            i - +0 cloak
rCorr   .            (no gloves)
SInv    .            (no boots)
Will    .....        (no amulet)
Stlth   ++           (no ring)
HPRegen 0.24/turn    (no ring)
MPRegen 0.14/turn

%: no passive effects
@: no status effects
A: no striking features
a: no special abilities


You were on level 3 of the Dungeon.
You visited 1 branch of the dungeon, and saw 3 of its levels.

You collected 37 gold pieces.

Inventory:

Hand Weapons
 a - a +4 quarterstaff of chaos (weapon)
Armour
 i - a +0 cloak (worn)
 l - a +1 animal skin (worn)
 m - a +1 helmet (worn)
Scrolls
 b - a scroll of amnesia {unknown}
 c - a scroll of silence {unknown}
 e - 2 scrolls of fear {unknown}
 g - a scroll of vulnerability {unknown}
 h - a scroll of teleportation {unknown}
 j - a scroll of identify {unknown}
Potions
 d - a potion of magic
 f - a potion of might {unknown}
 k - a potion of attraction {unknown}


   Skills:
 - Level 1.0 Fighting
 - Level 1.0 Armour
 - Level 3.0 Dodging
 - Level 3.0 Stealth
 * Level 6.1 Spellcasting
 + Level 2.5 Conjurations
 - Level 1.1 Summonings
 - Level 1.1 Translocations
 + Level 0.0 Air Magic
 + Level 0.0 Poison Magic


You had 8 spell levels left.
You knew the following spells:

 Your Spells              Type           Power      Damage    Failure   Level
a - Magic Dart            Conj           68%        1d6       3%          1
b - Mephitic Cloud        Conj/Pois/Air  9%         N/A       21%         3
c - Call Imp              Summ           22%        N/A       10%         2
d - Blink                 Tloc           22%        N/A       10%         2

Your spell library contained the following spells:

 Spells                   Type           Power      Damage    Failure   Level
 Searing Ray              Conj           34%        2d5       5%          2
 Slow                     Hex            24%        N/A       10%         1
 Cigotuvi's Dreadful Rot  Necr/Pois/Air  12%        N/A       14%         2
 Fulminant Prism          Conj/Hex       5%         3d7       50%         4


Dungeon Overview and Level Annotations

Branches:
Dungeon (3/15)

Altars:
The Shining One

Shops:
D:1 :

Annotations:
D:3 Ijyb


Message History

Something completely misses your cerulean imp.
Something hits you!
You closely miss something. Something hits you. Something hits you!
* * * LOW HITPOINT WARNING * * *
Your cerulean imp barely misses something.
You hit something but do no damage. Something hits you but does no damage.
Your cerulean imp hits something but does no damage.
Something hits you.
* * * LOW HITPOINT WARNING * * *
Your magical contamination has completely faded away.
Casting: Call Imp (safe; 10% risk of failure)
Confirm with . or Enter, or press ? or * to list all spells.
You can't see any susceptible monsters within range! (Use Z to cast anyway.)
There is a strange disturbance nearby!
Casting: Call Imp (safe; 10% risk of failure)
Confirm with . or Enter, or press ? or * to list all spells.
The spell is quite dangerous to miscast (21% risk of failure)!
Continue anyway?
Aiming: Mephitic Cloud (quite dangerous; 21% risk of failure)
Press: ? - help, Shift-Dir - straight line The ball explodes into a vile cloud!
The stinking cloud engulfs something but does no damage.
The stinking cloud engulfs you but does no damage.
The stinking cloud engulfs your cerulean imp but does no damage.
You are engulfed in noxious fumes.
You choke on the stench!
You are confused.
Are you sure you want to stumble around while confused and next to your cerulean imp?
Something hits your cerulean imp.
Unknown command.
You feel less confused.
You hear a shout!
Something barely misses you.
You miss something. Something hits you.
* * * LOW HITPOINT WARNING * * *
Something hits your cerulean imp but does no damage.
You sock something!
Nothing appears to happen.
Something hits you.
* * * LOW HITPOINT WARNING * * *
Something hits you but does no damage.
Something yells, "Get them off me!"
Something hits you.
You die...

.. ..# .# ....
.>..# $†# #.#.#
..# #.#.### #
#.###.....#
[.##.##.##.....###
.......<@5........
#.##...........###
#............$.
###.#.#########
..$#.# ###.#.#
#.#.# #.#.# #.


You could see a friendly cerulean imp (summoned).

Vanquished Creatures
  Crazy Yiuf (D:2)
  Robin (D:2)
  4 adders (D:2)
  2 worms (D:2)
  2 dart slugs (D:1)
  7 endoplasms
  5 giant cockroaches
  13 goblins
  2 hobgoblins
  4 quokkas
  5 ball pythons
  4 bats (D:1)
  4 frilled lizards
  2 kobolds
  9 rats
65 creatures vanquished.

Notes
Turn   | Place    | Note
-------+----------+-------------------------------------------
     0 | D:1      | pokeman the Deep Elf Hedge Wizard began the quest for the
                  | Orb.
     0 | D:1      | Reached XP level 1. HP: 10/10 MP: 7/7
   236 | D:1      | Reached XP level 2. HP: 16/16 MP: 6/9
   509 | D:1      | Found Ifrufol's Book Boutique.
   703 | D:1      | Reached skill level 5 in Spellcasting
   865 | D:1      | Reached XP level 3. HP: 20/20 MP: 8/11
   871 | D:1      | Learned a level 3 spell: Mephitic Cloud
   874 | D:1      | Learned a level 2 spell: Call Imp
   877 | D:1      | Learned a level 2 spell: Blink
  1464 | D:2      | Reached skill level 1 in Fighting
  1602 | D:2      | Found a glowing golden altar of the Shining One.
  1647 | D:2      | Noticed Robin
  1653 | D:2      | Reached skill level 1 in Armour
  1764 | D:2      | Reached XP level 4. HP: 20/25 MP: 6/13
  1876 | D:2      | Killed Robin
  2406 | D:2      | Found a faded altar of an unknown god.
  2446 | D:2      | Found a runed translucent door.
  2447 | D:2      | Noticed Crazy Yiuf
  3077 | D:2      | Killed Crazy Yiuf
  3078 | D:2      | Reached skill level 6 in Spellcasting
  3078 | D:2      | Reached XP level 5. HP: 20/29 MP: 8/15
  3165 | D:3      | Noticed Ijyb
  3184 | D:3      | Slain by Ijyb

Illustrated notes

Levels and vault maps discovered:
D:1:      amcnicky_arrival_single_pillar, layout_basic, serial_shops,
          nicolae_shop_pleasant_corner_grove, grunt_decor_fettered
D:2:      layout_loops_corners, basic_ecumenical_altar, basic_altar,
          uniq_crazy_yiuf_cottage, uniq_robin
D:3:      layout_loops_ring, serial_shops, shop,
          nicolae_shop_bloodbath_and_beyond, eino_tiny_chamber, uniq_ijyb

Skill      XL: |  1  2  3  4 |
---------------+-------------+-----
Spellcasting   | 5 6 |  6.1
Fighting       | 1 |  1.0
Armour         | 1 |  1.0
Conjurations   | 2 |  2.5
Dodging        | 3 |  3.0
Stealth        | 3 |  3.0
Summonings     | |  1.1
Translocations | |  1.1

Action                     |  1- 3 |  4- 6 || total
---------------------------+-------+-------++-------
  Melee: Dagger            |     7 |    18 ||    25
         Quarterstaff      |       |     5 ||     5
   Cast: Magic Dart        |   106 |    57 ||   163
         Mephitic Cloud    |       |     6 ||     6
         Call Imp          |       |     3 ||     3
   Stab: Confused          |       |     1 ||     1
 Armour: Robe              |     4 |     8 ||    12
         Animal skin       |       |     3 ||     3
  Dodge: Dodged            |    28 |    27 ||    55

Table legend: (Time is in decaauts)
 A = Elapsed time spent in this place.
 B = Non-inter-level travel time spent in this place.
 C = Inter-level travel time spent in this place.
 D = Time resting spent in this place.
 E = Time spent auto-exploring this place.
 F = Levels seen in this place.
 G = Mean time per level.
                   A        B        C        D        E       F      G
               +--------+--------+--------+--------+--------+-----+--------+
         Total |   3187 |   3067 |    120 |    193 |   2460 |   3 | 1062.3 |
       Dungeon |   3187 |   3067 |    120 |    193 |   2460 |   3 | 1062.3 |
               +--------+--------+--------+--------+--------+-----+--------+

Top non-repeatable levels by time:
     D:2: 1594 daAuts
     D:1: 1572 daAuts
     D:3: 20 daAuts
